 Dungeon Crawl Stone Soup version 0.31-a0-1317-gdfb52cbc09 (webtiles) character file.

Game seed: 11911043067282204804

3784 inmateoo the Poker (level 10, -4/78 (79) HPs)
             Began as a Vine Stalker Fighter on Dec 21, 2023.
             Was an Initiate of Gozag.
             Succumbed to a hornet's poison
             ... on level 9 of the Dungeon.
             The game lasted 00:06:34 (6865 turns).

inmateoo the Poker (Vine Stalker Fighter)           Turns: 6865, Time: 00:06:35

HP:   -4/78 (79)    AC: 22    Str: 23    XL:     10   Next: 16%
MP:   2/11          EV: 13    Int:  8    God:    Gozag
Gold: 823           SH:  5    Dex: 14    Spells: 9/9 levels left

rFire   . . .        a - +1 trident (heavy)
rCold   . . .        c - +0 buckler
rNeg    . . .        p - +0 plate armour
rPois   .            (no helmet)
rElec   .            s - +2 cloak
rCorr   .            f - +0 pair of gloves
SInv    .            l - +0 pair of boots
Will    +....        (no amulet) Stlth
                     g - +4 ring of protection
HPRegen 1.13/turn    x - +5 ring of evasion
MPRegen 0.12/turn

%: guardian spirit
@: berserking (expiring), lethally poisoned (-4 -> -24), gold aura, slowed,
lightly drained
A: fangs 3, regeneration 1, magic shield, antimagic bite, no potion heal 2
a: Renounce Religion, Potion Petition, Call Merchant, Bribe Branch


You were on level 9 of the Dungeon.
You worshipped Gozag.
Gozag was pleased with you.
You visited 2 branches of the dungeon, and saw 10 of its levels.

You collected 908 gold pieces.
You paid 85 gold pieces to Gozag.

Inventory:

Hand Weapons
 a - a +1 heavy trident (weapon)
Missiles
 z - 3 throwing nets
Armour
 c - a +0 buckler (worn)
 f - a +0 pair of gloves (worn)
 l - a +0 pair of boots (worn)
 p - a +0 plate armour (worn)
 s - a +2 cloak (worn)
Jewellery
 g - a +4 ring of protection (left hand)
 u - a ring of ice
 x - a +5 ring of evasion (right hand)
 A - a ring of positive energy
Wands
 b - a wand of charming (15)
 v - a wand of digging (5)
 w - a wand of flame (18)
Scrolls
 h - a scroll of immolation
 i - a scroll of blinking
 j - 2 scrolls of revelation
 m - 2 scrolls of teleportation
 q - 2 scrolls of enchant weapon
 r - 2 scrolls of vulnerability
 y - 2 scrolls of identify
 B - a scroll of amnesia {unknown}
Potions
 d - a potion of might
 e - a potion of enlightenment
 k - 5 potions of heal wounds
 n - 2 potions of curing
 o - a potion of haste


   Skills:
 + Level 6.0 Fighting
 * Level 7.9 Polearms
 + Level 5.5 Armour
 + Level 4.5 Dodging
 + Level 5.8 Shields


You had 9 spell levels left.
You didn't know any spells.
Your spell library contained the following spells:

 Spells                   Type           Power      Damage    Failure   Level
 Cigotuvi's Dreadful Rot  Necr/Alch/Air  0%         N/A       100%        2
 Inner Flame              Hex/Fire       0%         N/A       100%        3
 Flame Wave               Conj/Fire      0%         2d4       100%        4
 Fulminant Prism          Conj/Alch      0%         3d5       100%        4
 Ignite Poison            Fire/Alch      0%         N/A       100%        4
 Passage of Golubria      Tloc           0%         N/A       100%        4
 Sticky Flame             Fire/Alch      0%         2d4       100%        4
 Irradiate                Conj/Alch      0%         3d11      100%        5
 Silence                  Hex/Air        0%         N/A       100%        5
 Ignition                 Fire           0%         3d3       100%        8
 Lehudib's Crystal Spear  Conj/Erth      0%         10d2      100%        8


Dungeon Overview and Level Annotations

Branches:
Dungeon (9/15)             Temple (1/1) D:6
   Lair: D:8-11         Orc: D:9-12

Altars:
Ashenzari
Cheibriados
Dithmenos
Elyvilon
Gozag
Hepliaklqana
Kikubaaqudgha
Makhleb
Nemelex Xobeh
Okawaru
Qazlal
Ru
Sif Muna
Trog
Uskayaw
Vehumet
Wu Jian
Xom
Yredelemnul
Zin
The Shining One


Innate Abilities, Weirdness & Mutations

You have razor-sharp teeth.
Your natural rate of healing is unusually fast.
When hurt, damage is shared between your health and your magic reserves.
Your bite disrupts and absorbs the magic of your enemies.
Potions cannot restore your health.


Message History

The orc wizard gestures wildly while chanting.
The orc wizard flickers and vanishes!
Deactivating autopickup; reactivate with Ctrl-A.
The centaur hits you but does no damage.
The centaur kicks you but does no damage.
You feel very sick.
The hornet stings you but does no damage.
The centaur hits you but does no damage.
The centaur kicks you but does no damage.
You feel very sick. The hornet stings you.
* * * LOW HITPOINT WARNING * * *
You are more poisoned.
You feel yourself slow down.
The centaur hits you but does no damage.
The centaur kicks you but does no damage.
The hornet stings you.
* * * LOW HITPOINT WARNING * * *
You feel as though you will be slow longer.
The centaur hits you but does no damage.
The centaur kicks you but does no damage.
* * * LOW HITPOINT WARNING * * *
You feel very sick. The hornet stings you!
* * * LOW HITPOINT WARNING * * *
You are more poisoned.
You feel as though you will be slow longer.
The centaur is distracted by your dazzling golden aura.
The centaur shouts!
You can move again.
You are too berserk!
Unknown command.
You are too berserk!
You are too berserk!
You puncture the centaur!
The centaur is no longer distracted by gold.
You bite the centaur!
You kill the centaur!
You die...
Your body crumbles into a pile of gold.

.............#.########.#
......>........#........#
.............#...........
.............#........###
.......#####......#####
......## #.##...##
......# #....#..# ####..#
###..#$o## #.## #..@yD.#
..# ##..#$.# #.##
#..#.....o?. #.
#..###...... #. ##.#
#..... #. #/# ..... ##
#.# ..... ..# ... .##


You could see a hornet, a steam dragon and an orc.

Vanquished Creatures
  5 yaks (D:8)
  A water moccasin (D:5)
  An orc warrior (D:8)
  A sky beast (D:7)
  An ice beast (D:7)
  2 centaurs
  2 ogres
  2 phantoms
  4 kobold brigands
  3 scorpions
  5 bullfrogs
  A gnoll sergeant (D:8)
  5 wights
  6 killer bees (D:8)
  A crimson imp (D:4)
  9 hounds
  3 orc priests
  A sleepcap (D:7)
  5 iguanas
  3 orc wizards
  8 gnolls
  5 adders
  3 white imps
  8 ufetubi
  3 worms (D:3)
  3 dart slugs
  26 orcs
  9 ball pythons
  5 bats
  5 endoplasms
  4 giant cockroaches
  10 hobgoblins
  A jackal (D:3)
  20 kobolds
  3 quokkas
  3 frilled lizards (D:3)
  6 goblins
  2 goblin skeletons (D:4)
  A hobgoblin zombie (D:4)
  2 kobold skeletons (D:4)
  2 orc skeletons (D:4)
  3 orc zombies (D:4)
  4 rats
  A spectral orc (D:6)
198 creatures vanquished.

Notes
Turn   | Place    | Note
-------+----------+-------------------------------------------
     0 | D:1      | inmateoo the Vine Stalker Fighter began the quest for the
                  | Orb.
     0 | D:1      | Reached XP level 1. HP: 11/11 MP: 2/2
    96 | D:1      | Reached skill level 2 in Polearms
    96 | D:1      | Reached XP level 2. HP: 16/16 MP: 1/3
   627 | D:1      | Reached XP level 3. HP: 19/19 MP: 4/4
  1155 | D:2      | Found a hide-covered altar of Uskayaw.
  1316 | D:2      | Found a faded altar of an unknown god.
  1397 | D:2      | Reached XP level 4. HP: 23/23 MP: 5/5
  1964 | D:3      | Found a sacrificial altar of Ru.
  1965 | D:3      | Found an ancient bone altar of Kikubaaqudgha.
  1971 | D:3      | Found a white marble altar of Elyvilon.
  1971 | D:3      | Found an ornate altar of the Wu Jian Council.
  2107 | D:3      | Reached skill level 1 in Dodging
  2119 | D:3      | Reached skill level 3 in Polearms
  2119 | D:3      | Reached XP level 5. HP: 28/28 MP: 4/6
  2503 | D:4      | Identified the +8 chain mail "Ojistrueci" {Harm Int+7}
  2545 | D:4      | Identified the +3 halberd of the Crafting Gods {drain,
                  | ^Contam rElec rF+++ rC+}
  2625 | D:4      | Noticed a kobold brigand
  2629 | D:4      | Killed a kobold brigand
  2630 | D:4      | Reached XP level 6. HP: 32/32 MP: 7/7
  2735 | D:4      | Found a glowing golden altar of the Shining One.
  2885 | D:4      | Found a shimmering blue altar of Sif Muna.
  2991 | D:4      | Found a broken altar of Ashenzari.
  2991 | D:4      | Found a hide-covered altar of Uskayaw.
  3114 | D:4      | Reached skill level 4 in Polearms
  3114 | D:4      | Reached XP level 7. HP: 35/37 MP: 5/8
  3459 | D:5      | Entered Level 5 of the Dungeon
  3875 | D:5      | Gained mutation: You have razor-sharp teeth. [Vine Stalker
                  | growth]
  3875 | D:5      | Reached XP level 8. HP: 42/42 MP: 7/9
  3895 | D:5      | Reached skill level 5 in Polearms
  4465 | D:6      | Found a staircase to the Ecumenical Temple.
  4510 | Temple   | Entered the Ecumenical Temple
  4530 | Temple   | Became a worshipper of Gozag Ym Sagoz the Greedy
  4681 | D:6      | Found a basalt altar of Yredelemnul.
  4944 | D:6      | Got the Quarto of Fetid Pyromancy
  5066 | D:7      | Found a hazy altar of Hepliaklqana.
  5102 | D:7      | Reached skill level 6 in Polearms
  5118 | D:7      | Reached skill level 5 in Fighting
  5118 | D:7      | Reached XP level 9. HP: 43/47 MP: 8/10
  5249 | D:7      | Identified the +6 whip "Funuror" {vamp, Str+4 Int+3}
  5322 | D:7      | Reached skill level 5 in Shields
  6066 | D:8      | Reached skill level 7 in Polearms
  6066 | D:8      | Reached skill level 5 in Armour
  6179 | D:8      | Reached XP level 10. HP: 49/53 MP: 9/11
  6193 | D:8      | Found a radiant altar of Vehumet.
  6269 | D:8      | Found a shadowy altar of Dithmenos.
  6489 | D:8      | Identified the +3 ring mail of the Trees {Will+ Int+5
                  | Stlth+}
  6855 | D:9      | Paralysed by a hornet for 1 turns
  6861 | D:9      | Paralysed by a hornet for 3 turns
  6864 | D:9      | HP: 3/78 [hornet (5)]
  6865 | D:9      | Succumbed to a hornet's poison

Illustrated notes

Levels and vault maps discovered:
D:1:      dpeg_arrival_simpleton_a, layout_basic
D:2:      layout_loops_cross, basic_altar,
          dreamdust_ecumenical_altar_angels_and_demons
D:3:      minmay_chambers_of_threes, layout_basic, grunt_temple_overflow_open
D:4:      minmay_razor_zed, layout_loops_corners, nicolae_tso_besieged_by_evil,
          gammafunk_temple_overflow_claw
D:5:      layout_loops_ring, minmay_increasing_density
D:6:      layout_gridville, yredelemnul_forgotten_temple_becter,
          minmay_temple_entry_statues_pillars
D:7:      layout_cave_pods, nicolae_hepliaklqana_hippocampus
D:8:      layout_loops_ring, lemuel_crystal_altar, mainiacjoe_overflow_alcove_1
D:9:      layout_rooms, serial_shops,
          nicolae_shop_temple_entry_statues_fountains
Temple:   nicolae_temple_bog_church

Skill      XL: |  1  2  3  4  5  6  7  8  9 10 |
---------------+-------------------------------+-----
Polearms       | 2 3 4 6 7 |  7.9
Shields        | 3 4 5 |  5.8
Fighting       | 3 4 5 6 |  6.0
Dodging        | 1 2 3 4 |  4.5
Armour         | 3 4 5 |  5.5

Action                     |  1- 3 |  4- 6 |  7- 9 | 10-12 || total
---------------------------+-------+-------+-------+-------++-------
  Melee: Trident           |    85 |   153 |   266 |    52 ||   556
         Bite              |    17 |    27 |    46 |     6 ||    96
    Use: Scroll            |     1 |     7 |     2 |     4 ||    14
         Potion            |       |       |       |     1 ||     1
   Stab: Distracted        |       |       |     1 |       ||     1
 Armour: Scale mail        |    38 |   114 |    64 |       ||   216
         Plate armour      |       |       |   183 |    44 ||   227
  Dodge: Dodged            |    20 |    69 |   132 |    37 ||   258
         Repelled          |       |     1 |       |       ||     1
  Block: Buckler           |    14 |    32 |    94 |    13 ||   153

Table legend: (Time is in decaauts)
 A = Elapsed time spent in this place.
 B = Non-inter-level travel time spent in this place.
 C = Inter-level travel time spent in this place.
 D = Time resting spent in this place.
 E = Time spent auto-exploring this place.
 F = Levels seen in this place.
 G = Mean time per level.
                   A        B        C        D        E       F      G
               +--------+--------+--------+--------+--------+-----+--------+
         Total |   7116 |   6730 |    386 |     87 |   5228 |  10 |  711.6 |
       Dungeon |   7075 |   6729 |    346 |     87 |   5228 |   9 |  786.1 |
        Temple |     40 |      1 |     39 |      0 |      0 |   1 |   40.0 |
               +--------+--------+--------+--------+--------+-----+--------+

Top non-repeatable levels by time:
     D:4: 1114 daAuts
     D:7: 1008 daAuts
     D:5: 1007 daAuts
     D:1: 958 daAuts
     D:3: 906 daAuts
     D:8: 862 daAuts
     D:6: 591 daAuts
     D:2: 580 daAuts
     D:9: 45 daAuts
  Temple: 40 daAuts
